 Dungeon Crawl Stone Soup version 0.23.2-33-g5129a83184 (webtiles) character file.

Game seed: 3693832390447636952

15614 zavtrazima the Impaler (level 12, -5/144 HPs)
             Began as a Minotaur Berserker on July 5, 2019.
             Was a High Priest of Trog.
             Slain by an 11-headed hydra (6 damage)
             ... on level 1 of the Lair of Beasts.
             The game lasted 00:54:14 (9242 turns).

zavtrazima the Impaler (Minotaur Berserker)         Turns: 9242, Time: 00:54:15

Health: -5/144     AC: 19    Str: 30    XL:     12   Next: 2%
Magic:  3/3        EV:  9    Int:  4    God:    Trog [*****.]
Gold:   332        SH:  0    Dex: 12    Spells: 11/11 levels left

rFire    . . .     SeeInvis .   w - +3 bardiche (antimagic)
rCold    . . .     Gourm    .   (shield currently unavailable)
rNeg     . . .     Faith    .   q - +0 plate armour
rPois    +         Spirit   .   j - +2 hat
rElec    .         Reflect  .   x - +0 cloak {+Inv}
rCorr    .         Harm     .   z - +0 pair of gloves
MR       .....                  (no boots)
Stlth    ..........             (no amulet)
HPRegen  0.34/turn              f - ring of the Raven {*Corrode rPois Dex-2 Slay+5 Stlth+} (curse)
MPRegen  0.08/turn              t - +2 ring of dexterity

@: berserking, corroded, very quick
A: retaliatory headbutt, claws 1, horns 2, iridescent scales 1, frail 1, subdued
magic 1
a: Berserk, Trog's Hand, Brothers in Arms, Renounce Religion, Evoke Invisibility


You were on level 1 of the Lair of Beasts.
You worshipped Trog.
Trog was extremely pleased with you.
You were hungry.

You visited 2 branches of the dungeon, and saw 11 of its levels.
You also visited: Sewer.

You collected 862 gold pieces.
You spent 530 gold pieces at shops.

Inventory:

Hand Weapons
 g - a +0 glaive
 v - a +3 halberd
 w - a +3 antimagic bardiche (weapon)
Armour
 a - a +0 troll leather armour
 j - a +2 hat (worn)
 q - a +0 plate armour (worn)
 x - a +0 cloak of invisibility (worn)
 z - a +0 pair of gloves (worn)
Jewellery
 f - the cursed ring of the Raven (left hand) {*Corrode rPois Dex-2 Slay+5 Stlth+}
   (You found it on level 4 of the Dungeon)

   [ring of dexterity]

   It affects your dexterity (-2).
   It affects your accuracy and damage with ranged weapons and melee attacks
   (+5).
   It protects you from poison.
   It may corrode you when you take damage.
   It makes you more stealthy.
   It has a curse placed upon it.
 t - a +2 ring of dexterity (right hand)
 y - an uncursed ring of protection from magic
Wands
 b - a wand of acid (24)
 p - a wand of random effects (17)
 r - a wand of enslavement (6)
 s - a wand of clouds (6)
 A - a wand of disintegration (14)
 D - a wand of iceblast (8)
Scrolls
 h - 11 scrolls of identify
 l - a scroll of enchant weapon
 n - 7 scrolls of teleportation
 u - a scroll of blinking
Potions
 c - 5 potions of brilliance
 d - 3 potions of haste
 e - 3 potions of curing
 m - 6 potions of flight
 o - a potion of might
Comestibles
 k - 12 rations
 B - 6 chunks of flesh


   Skills:
 + Level 10.4 Fighting
 + Level 15.2 Polearms
 + Level 14.1 Armour
 - Level 2.7 Dodging


You had 11 spell levels left.
You didn't know any spells.
Your spell library was empty.

Dungeon Overview and Level Annotations

Branches:
Dungeon (10/15)            Temple (0/1) D:6            Lair (1/6) D:10
    Orc (0/2) D:9

Altars:
Ashenzari
Elyvilon
Gozag
Hepliaklqana
Kikubaaqudgha
Makhleb
Nemelex Xobeh
Qazlal
Uskayaw
Wu Jian
Xom
Yredelemnul
The Shining One

Shops:
D:5 [   D:6 =   D:7 (?


Innate Abilities, Weirdness & Mutations

You reflexively headbutt those who attack you in melee.
You have a pair of horns on your head.
You have sharp fingernails.
You are partially covered in iridescent scales. (AC +2)
You are frail. (-10% HP)
Your spells are a little easier to cast, but a little less powerful.


Message History

* * * LOW HITPOINT WARNING * * *
The ten-headed hydra bites you but does no damage. x2
The ten-headed hydra bites you.
* * * LOW HITPOINT WARNING * * *
The ten-headed hydra bites you!
* * * LOW HITPOINT WARNING * * *
The ten-headed hydra bites you but does no damage.
The spiny frog barely misses you.
You hack one of the ten-headed hydra's heads off!
The nine-headed hydra grows two more!
You open the 11-headed hydra like a pillowcase!!!
The 11-headed hydra is almost dead.
The 11-headed hydra bites you but does no damage.
The 11-headed hydra closely misses you. The 11-headed hydra barely misses you.
The 11-headed hydra bites you but does no damage.
The 11-headed hydra bites you.
* * * LOW HITPOINT WARNING * * *
The 11-headed hydra bites you but does no damage. x3
The 11-headed hydra bites you.
You die...

..............# .###
..............# ..####
.............####.....
..P...................
#...................
#..........###.....
#........####..##.#
#...###### #..##.#
##@.# ##.##.#
......DF..# #......
..........# #......
..........# #......
..........# #####..
...P#####P# #.. ...P
## ####.# ... ###.....
#.......


You could see a 11-headed hydra and a spiny frog.

Vanquished Creatures
  Erica (D:10)
  2 two-headed ogres
  An unseen horror (D:10)
  A manticore (D:10)
  Maurice (D:10)
  Psyche (D:8)
  A centaur zombie (D:10)
  2 spiny frogs (Lair:1)
  An efreet (D:9)
  A komodo dragon (Lair:1)
  A tengu conjurer (D:10)
  3 trolls
  A queen bee (D:8)
  2 hippogriffs
  4 blink frogs (Lair:1)
  7 yaks
  2 wyverns
  Grum (D:9)
  2 hungry ghosts
  Menkaure (D:7)
  2 orc warriors
  2 black bears
  An ice beast (D:10)
  5 phantoms
  3 eyes of draining
  3 wolves (D:9)
  2 centaurs
  4 ogres
  2 crocodiles (Lair:1)
  2 big kobolds (D:5)
  10 bullfrogs
  A wyvern zombie (D:10)
  4 scorpions
  20 killer bees
  3 howler monkeys
  4 wights
  A lava snake (D:9)
  3 crimson imps (D:10)
  A quasit (D:10)
  A jelly (D:9)
  9 hounds
  13 orc wizards
  3 orc priests
  A centaur skeleton (D:7)
  A bullfrog skeleton (D:10)
  9 iguanas
  Crazy Yiuf (D:2)
  A merfolk siren (Sewer)
  8 worker ants
  A killer bee zombie (D:10)
  A merfolk avatar (Sewer)
  A hound zombie (D:10)
  A hound skeleton (D:5)
  A mummy (D:7)
  A worker ant zombie (D:5)
  10 gnolls
  2 river rats (Sewer)
  12 adders
  2 shadow imps
  2 oozes
  4 adder zombies
  3 adder skeletons
  A worm (D:4)
  A dart slug (D:3)
  9 leopard geckos
  31 orcs
  5 ball pythons (Sewer)
  9 bats
  9 giant cockroaches
  9 goblins
  6 hobgoblins
  3 jackals (D:6)
  7 quokkas
  10 frilled lizards
  2 giant cockroach zombies
  2 jackal zombies (D:5)
  16 kobolds
  A leopard gecko zombie (D:7)
  3 quokka skeletons
  24 rats
345 creatures vanquished.

Vanquished Creatures (collateral kills)
  4 yaks (Lair:1)
  A wyvern (Lair:1)
  A hungry ghost (D:7)
6 creatures vanquished.

Grand Total: 351 creatures vanquished

Notes
Turn   | Place    | Note
-------+----------+-------------------------------------------
     0 | D:1      | zavtrazima the Minotaur Berserker began the quest for the
                  | Orb.
     0 | D:1      | Reached XP level 1. HP: 19/19 MP: 0/0
   263 | D:1      | Reached skill level 4 in Polearms
   263 | D:1      | Reached XP level 2. HP: 27/27 MP: 1/1
  1125 | D:2      | Reached XP level 3. HP: 34/34 MP: 2/2
  1135 | D:2      | Reached XP level 4. HP: 41/41 MP: 3/3
  1244 | D:2      | Found a sparkling altar of Nemelex Xobeh.
  1293 | D:2      | Reached ** piety under Trog
  1547 | D:2      | Found a runed translucent door.
  1548 | D:2      | Noticed Crazy Yiuf
  1558 | D:2      | Killed Crazy Yiuf
  2130 | D:2      | Found a white marble altar of Elyvilon.
  2264 | D:3      | Found a shimmering altar of Xom.
  2305 | D:3      | Reached skill level 5 in Polearms
  2493 | D:3      | Reached XP level 5. HP: 44/47 MP: 4/4
  2731 | D:3      | Found a glowing drain.
  2741 | Sewer    | Entered a sewer
  2943 | Sewer    | Reached *** piety under Trog
  2961 | Sewer    | Reached XP level 6. HP: 54/55 MP: 5/5
  3259 | D:4      | Reached skill level 5 in Fighting
  3259 | D:4      | Reached skill level 6 in Polearms
  3284 | D:4      | Found a hazy altar of Hepliaklqana.
  3319 | D:4      | Reached skill level 5 in Armour
  3392 | D:4      | Got a fine tin ring
  3401 | D:4      | Identified the cursed ring of the Raven {*Corrode rPois
                  | Dex-2 Slay+5 Stlth+} (You found it on level 4 of the
                  | Dungeon)
  3532 | D:4      | Reached skill level 7 in Polearms
  3532 | D:4      | Reached XP level 7. HP: 61/61 MP: 6/6
  3581 | D:4      | Gained mutation: You are partially covered in iridescent
                  | scales. (AC +2) [potion of mutation]
  3581 | D:4      | Gained mutation: You are surrounded by a mild repulsion
                  | field. (EV +2) [potion of mutation]
  3582 | D:4      | Lost mutation: You are partially covered in iridescent
                  | scales. (AC +2) [potion of mutation]
  3582 | D:4      | Lost mutation: You are surrounded by a mild repulsion
                  | field. (EV +2) [potion of mutation]
  3582 | D:4      | Gained mutation: You are robust. (+10% HP) [potion of
                  | mutation]
  3582 | D:4      | Gained mutation: You are somewhat resistant to further
                  | mutation. [potion of mutation]
  3726 | D:4      | Found a glowing golden altar of the Shining One.
  3884 | D:4      | Reached **** piety under Trog
  4028 | D:5      | Entered Level 5 of the Dungeon
  4044 | D:5      | Found an opulent altar of Gozag.
  4049 | D:5      | Found Nace Qec's Antique Armour Boutique.
  4059 | D:5      | Bought a jewelled hat for 261 gold pieces
  4069 | D:5      | Identified the +0 hat of the Armoured One {MR+} (You bought
                  | it in a shop on level 5 of the Dungeon)
  4133 | D:5      | Found an ornate altar of the Wu Jian Council.
  4226 | D:5      | Reached skill level 8 in Polearms
  4231 | D:5      | Found a stormy altar of Qazlal.
  4344 | D:5      | Reached XP level 8. HP: 77/77 MP: 7/7
  4606 | D:6      | Reached skill level 9 in Polearms
  4607 | D:6      | Found Neusawk's Jewellery Boutique.
  4652 | D:6      | Bought a +2 ring of dexterity for 97 gold pieces
  4842 | D:6      | Reached ***** piety under Trog
  4871 | D:6      | Found a staircase to the Ecumenical Temple.
  5365 | D:7      | Reached skill level 10 in Polearms
  5443 | D:7      | Found Sicvas's Magic Scroll Shop.
  5451 | D:7      | Bought a scroll of enchant armour for 112 gold pieces
  5451 | D:7      | Bought a scroll of identify for 30 gold pieces
  5451 | D:7      | Bought a scroll of identify for 30 gold pieces
  5489 | D:7      | Reached XP level 9. HP: 85/85 MP: 8/8
  5493 | D:7      | Found Kiupp's Weapon Shoppe.
  5513 | D:7      | Found a burning altar of Makhleb.
  5513 | D:7      | Noticed a balrug
  5584 | D:7      | Found a transporter.
  5592 | D:7      | Found a transporter.
  5603 | D:7      | Noticed Menkaure
  5603 | D:7      | Found an ancient bone altar of Kikubaaqudgha.
  5603 | D:7      | Found a basalt altar of Yredelemnul.
  5610 | D:7      | Killed Menkaure
  5616 | D:7      | Reached skill level 11 in Polearms
  5699 | D:7      | Received a gift from Trog
  6007 | D:8      | Noticed a queen bee
  6024 | D:8      | Killed a queen bee
  6032 | D:8      | Reached skill level 10 in Armour
  6160 | D:8      | Reached skill level 12 in Polearms
  6320 | D:8      | Reached XP level 10. HP: 94/96 MP: 9/9
  6337 | D:8      | Found a hide-covered altar of Uskayaw.
  6337 | D:8      | Noticed a two-headed ogre
  6342 | D:8      | Noticed Psyche
  6345 | D:8      | Killed a two-headed ogre
  6353 | D:8      | Killed Psyche
  6426 | D:8      | Lost mutation: You are somewhat resistant to further
                  | mutation. [potion of mutation]
  6426 | D:8      | Lost mutation: You are robust. (+10% HP) [potion of
                  | mutation]
  6426 | D:8      | Gained mutation: You have large cloven feet. [potion of
                  | mutation]
  6426 | D:8      | Gained mutation: You can translocate small distances at
                  | will. [potion of mutation]
  6429 | D:8      | Lost mutation: You have large cloven feet. [potion of
                  | mutation]
  6429 | D:8      | Lost mutation: You can translocate small distances at will.
                  | [potion of mutation]
  6429 | D:8      | Gained mutation: Your spells are a little easier to cast,
                  | but a little less powerful. [potion of mutation]
  6429 | D:8      | Gained mutation: You are frail. (-10% HP) [potion of
                  | mutation]
  6429 | D:8      | Gained mutation: You are partially covered in iridescent
                  | scales. (AC +2) [potion of mutation]
  6429 | D:8      | Gained mutation: You have sharp fingernails. [potion of
                  | mutation]
  6991 | D:9      | Reached skill level 13 in Polearms
  7274 | D:9      | Noticed Grum
  7277 | D:9      | Found a shattered altar of Ashenzari.
  7290 | D:9      | Killed Grum
  7409 | D:9      | Found a staircase to the Orcish Mines.
  7709 | D:9      | Reached XP level 11. HP: 87/87 MP: 2/10
  7879 | D:10     | Entered Level 10 of the Dungeon
  7913 | D:10     | Found a staircase to the Lair.
  7949 | D:10     | Noticed Erica
  7954 | D:10     | Killed Erica
  7995 | D:10     | Noticed Maurice
  8022 | D:10     | Killed Maurice
  8022 | D:10     | Reached skill level 14 in Polearms
  8180 | D:10     | Noticed a two-headed ogre
  8187 | D:10     | Killed a two-headed ogre
  8802 | D:10     | Killed an unseen horror
  8802 | D:10     | Reached skill level 10 in Fighting
  9011 | Lair:1   | Entered Level 1 of the Lair of Beasts
  9027 | Lair:1   | Received a gift from Trog
  9041 | Lair:1   | Reached skill level 15 in Polearms
  9172 | Lair:1   | Reached XP level 12. HP: 81/96 MP: 3/11
  9233 | Lair:1   | Noticed a six-headed hydra
  9241 | Lair:1   | HP: 6/144 [ten-headed hydra (10)]
  9242 | Lair:1   | HP: 1/144 [11-headed hydra (6)]
  9242 | Lair:1   | Slain by an 11-headed hydra

Skill      XL: |  1  2  3  4  5  6  7  8  9 10 11 |
---------------+----------------------------------+-----
Polearms       | 4 5 7 8 10 12 13 15 | 15.2
Fighting       | 4 5 6 8 9 10 | 10.4
Armour         | 3 4 5 6 8 10 12 14 | 14.1
Dodging        | |  2.7

Action                   |  1- 3 |  4- 6 |  7- 9 | 10-12 || total
-------------------------+-------+-------+-------+-------++-------
Melee: Spear             |    75 |       |       |       ||    75
       Headbutt          |     8 |    27 |    39 |    60 ||   134
       Halberd           |       |   228 |   270 |   271 ||   769
       Bardiche          |       |       |       |    31 ||    31
Invok: Berserk           |     1 |     1 |     3 |     5 ||    10
       Trog's Hand       |       |     1 |     1 |     3 ||     5
       Brothers in Arms  |       |       |     1 |     1 ||     2
 Abil: Blink             |       |       |       |     1 ||     1
Evoke: Wand              |       |       |       |     1 ||     1
  Use: Potion            |     2 |     2 |     2 |    11 ||    17
       Scroll            |     1 |     5 |     3 |     6 ||    15
  Eat: Ration            |       |     3 |     2 |     2 ||     7
       Chunk             |       |     2 |     5 |    11 ||    18
Armor: Animal skin       |     4 |       |       |       ||     4
       Chain mail        |    13 |    76 |       |       ||    89
       Ring mail         |     2 |       |       |       ||     2
       Plate armour      |       |    27 |   180 |   254 ||   461
Dodge: Dodged            |    21 |    70 |   111 |    94 ||   296
